 Dungeon Crawl Stone Soup version 0.26.0-10-g1f06aea511 (webtiles) character file.

Game seed: 18241030868358134083

107 dohliylev the Chopper (level 4, 0/61 HPs)
             Began as a Minotaur Berserker on Jan 17, 2021.
             Was a Believer of Trog.
             Killed from afar by an orc wizard (5 damage)
             ... with a puff of flame
             ... on level 3 of the Dungeon.
             The game lasted 00:02:46 (1708 turns).

dohliylev the Chopper (Minotaur Berserker)          Turns: 1708, Time: 00:02:46

Health: 0/61       AC:  9    Str: 23    XL:     4   Next: 56%
Magic:  3/3        EV:  9    Int:  4    God:    Trog [**....]
Gold:   113        SH:  0    Dex:  9    Spells: 3/3 levels left

rFire    . . .     SeeInvis .   a - +0 hand axe
rCold    . . .     Faith    .   (no shield)
rNeg     . . .     Spirit   .   i - +0 chain mail
rPois    .         Reflect  .   (helmet restricted)
rElec    .         Harm     .   (no cloak)
rCorr    .         Rampage  .   (no gloves)
Will     ++...                  (no boots)
Stlth    ..........             (no amulet)
HPRegen  1.20/turn              (no ring)
MPRegen  0.08/turn              (no ring)

@: berserking, lethally poisoned (0 -> 0), regenerating, very quick
A: retaliatory headbutt, horns 2
a: Renounce Religion, Berserk, Trog's Hand


You were on level 3 of the Dungeon.
You worshipped Trog.
Trog was pleased with you.
You visited 1 branch of the dungeon, and saw 3 of its levels.

You collected 113 gold pieces.

Inventory:

Hand Weapons
 a - a +0 hand axe (weapon)
Armour
 i - a +0 chain mail (worn)
Jewellery
 m - an uncursed amulet of magic regeneration {unknown}
Scrolls
 b - 2 scrolls of enchant weapon {unknown}
 f - a scroll of magic mapping {unknown}
 g - a scroll of blinking {unknown}
 h - 2 scrolls of teleportation {unknown}
Potions
 c - a potion of heal wounds {unknown}
 d - a potion of haste {unknown}
 e - a potion of lignification {unknown}
 j - 2 potions of degeneration {unknown}
 k - a potion of flight {unknown}
 l - a potion of might {unknown}


   Skills:
 + Level 4.6 Fighting
 + Level 5.0 Axes
 + Level 3.2 Armour
 + Level 2.8 Dodging


You had 3 spell levels left.
You didn't know any spells.
Your spell library was empty.

Dungeon Overview and Level Annotations

Branches:
Dungeon (3/15)

Altars:


Innate Abilities, Weirdness & Mutations

You reflexively headbutt those who attack you in melee.
You have a pair of horns on your head.


Message History

The orc wizard is severely wounded.
The orc wizard mumbles some strange words.
The orc wizard seems to speed up.
You hit the orc wizard but do no damage.
Your headbutt misses the orc wizard.
The orc wizard is severely wounded.
You recover from your berserk rage.
You feel sick. The orc wizard closely misses you.
Okay, then.
A red film seems to cover your vision as you go berserk!
You feel yourself moving faster!
You feel mighty!
The orc wizard hits you with a +0 dagger.
* * * LOW HITPOINT WARNING * * *
The orc wizard hits you but does no damage.
You barely miss the orc wizard.
The orc wizard is severely wounded.
You feel sick. The orc wizard casts a spell at you. The puff of flame hits you.
You die...

#.# ##># ... # #.# #
#.# .. ... #.
#.####.#####.## #
###.####......##.....
#.#
...........#####.##oo
.. .##^#)####.#
#.##o##.# #.#)####.#
#@##)...#
#..)<.##.#####o##)#
###†#.##.....oo##.##.##
...#.##.....[........#
###...............##..#
.............#### $#
.....#.......# #
#.##..#.......#
#.....#.#######


You could see an orc priest, an orc wizard (fast) and an orc.

Vanquished Creatures
  An orc priest (D:3)
  3 adders (D:2)
  An ooze (D:1)
  A leopard gecko (D:1)
  7 orcs (D:3)
  2 giant cockroaches
  3 goblins (D:1)
  2 hobgoblins (D:2)
  3 jackals (D:1)
  6 kobolds
  A quokka (D:3)
  2 bats (D:1)
  2 frilled lizards (D:1)
  4 rats
38 creatures vanquished.

Notes
Turn   | Place    | Note
-------+----------+-------------------------------------------
     0 | D:1      | dohliylev the Minotaur Berserker began the quest for the
                  | Orb.
     0 | D:1      | Reached XP level 1. HP: 19/19 MP: 0/0
   348 | D:1      | Reached skill level 4 in Axes
   348 | D:1      | Reached XP level 2. HP: 24/27 MP: 1/1
   899 | D:2      | Reached XP level 3. HP: 26/33 MP: 2/2
  1035 | D:2      | Reached ** piety under Trog
  1517 | D:2      | Found a faded altar of an unknown god.
  1653 | D:3      | Reached XP level 4. HP: 41/41 MP: 3/3
  1654 | D:3      | Reached skill level 5 in Axes
  1704 | D:3      | HP: 2/41 [orc wizard/+0 dagger (2)]
  1708 | D:3      | Killed from afar by an orc wizard

Illustrated notes

Levels and vault maps discovered:
D:1:      psy_arrival_basics, layout_basic
D:2:      layout_basic, chequers_ecumenical_altar_grove
D:3:      minmay_chambers_of_twos, layout_loops_cross, gammafunk_ghost_cemetery

Skill      XL: |  1  2  3  4 |
---------------+-------------+-----
Axes           | 4 5 |  5.0
Fighting       | 4 |  4.6
Armour         | 3 |  3.2
Dodging        | |  2.8

Action                   |  1- 3 |  4- 6 || total
-------------------------+-------+-------++-------
Melee: Hand axe          |    74 |    20 ||    94
       Headbutt          |    10 |     3 ||    13
Invok: Berserk           |     1 |     1 ||     2
       Trog's Hand       |       |     1 ||     1
Armor: Leather armour    |    12 |       ||    12
       Chain mail        |     8 |    12 ||    20
Dodge: Dodged            |    43 |     6 ||    49
